 Dungeon Crawl Stone Soup version 0.23.2-33-g5129a83184 (webtiles) character file.

Game seed: 17603596011222064258

122 mikogus the Poker (level 5, -4/41 HPs)
             Began as a Merfolk Skald on July 14, 2019.
             Slain by an orc
             ... wielding a +0 flail
              (6 damage)
             ... on level 3 of the Dungeon.
             The game lasted 00:15:28 (2230 turns).

mikogus the Poker (Merfolk Skald)                   Turns: 2230, Time: 00:15:29

Health: -4/41      AC:  5    Str: 12    XL:     5   Next: 6%
Magic:  4/8        EV: 11    Int: 13    God:
Gold:   120        SH:  3    Dex: 13    Spells: 5/8 levels left

rFire    . . .     SeeInvis .   p - +0 spear
rCold    + . .     Gourm    .   o - +0 buckler
rNeg     . . .     Faith    .   w - +0 ring mail
rPois    .         Spirit   .   (no helmet)
rElec    .         Reflect  .   (no cloak)
rCorr    .         Harm     .   (no gloves)
MR       .....                  (no boots)
Stlth    +.........             (no amulet)
HPRegen  0.13/turn              k - ring of protection from cold
MPRegen  0.11/turn              (no ring)

@: about to teleport, infused, very slightly contaminated
A: change form in water, swift swim, stealthy swim
a: no special abilities


You were on level 3 of the Dungeon.
You were not hungry.

You visited 1 branch of the dungeon, and saw 3 of its levels.

You collected 120 gold pieces.

Inventory:

Hand Weapons
 a - a +0 spear
 b - a +0 dagger
 i - a +0 whip of electrocution
 l - a +0 hand axe
 p - a +0 spear (weapon)
 q - a +0 short sword
 s - a +0 dagger of distortion
Missiles
 x - 7 tomahawks (quivered)
 z - 5 needles of confusion
Armour
 n - a +0 leather armour
 o - a +0 buckler (worn)
 w - a +0 ring mail (worn)
Jewellery
 k - a ring of protection from cold (left hand)
 y - an uncursed ring of stealth {unknown}
Wands
 r - a wand of digging (4)
Scrolls
 e - 5 scrolls of identify
 j - a scroll of remove curse
Potions
 f - 3 potions of flight
 g - a potion of resistance {unknown}
 h - a potion of lignification {unknown}
 m - a potion of curing {unknown}
 t - a potion of invisibility {unknown}
 v - a potion of might {unknown}
Comestibles
 d - 6 rations
 u - a chunk of flesh


   Skills:
 + Level 3.4 Fighting
 + Level 4.4 Polearms
 + Level 1.2 Armour
 + Level 3.1 Dodging
 + Level 1.2 Stealth
 + Level 0.1 Shields
 + Level 2.3 Spellcasting
 + Level 3.6 Charms


You had 5 spell levels left.
You knew the following spells:

 Your Spells              Type           Power        Failure   Level  Hunger
a - Infusion              Chrm           ##..         21%         1    #......
b - Shroud of Golubria    Chrm/Tloc      #.........   54%         2    ###....

Your spell library contained the following spells:

 Spells                   Type           Power        Failure   Level  Hunger
 Song of Slaying          Chrm           ##......     30%         2    ###....
 Regeneration             Chrm/Necr      #.........   77%         3    ###....
 Spectral Weapon          Hex/Chrm       #.......     77%         3    ###....


Dungeon Overview and Level Annotations

Branches:
Dungeon (3/15)

Altars:


Message History

The orc wizard blinks!
You barely miss the hobgoblin.
The hobgoblin is heavily wounded.
The hobgoblin barely misses you.
The orc priest calls down the wrath of Beogh upon you.
Pain shoots through your body!
As you read the scroll of teleportation, it crumbles to dust.
You feel strangely unstable. The orc hits you with a +0 flail.
The hobgoblin closely misses you.
The orc wizard casts a spell.
The orc wizard blinks!
The orc priest calls down the wrath of Beogh upon you.
Beogh smites you!
* * * LOW HITPOINT WARNING * * *
Okay, then.
Casting: Infusion (safe; 21% risk of failure)
Confirm with . or Enter, or press ? or * to list all spells.
You miscast Shroud of Golubria.
Waves of light ripple over your body. The orc hits you with a +0 flail.
You die...

.. ...
.#.. ....
... #..
#.# #g#
#@#
#ooo.o..#
#######o#


You could see 2 orc priests, an orc wizard, 2 orcs and a hobgoblin.

Vanquished Creatures
  An orc priest (D:2)
  An adder (D:2)
  An ooze (D:2)
  2 worms (D:2)
  2 dart slugs
  4 leopard geckos
  4 orcs
  A ball python (D:1)
  6 giant cockroaches
  6 goblins
  8 hobgoblins
  8 bats
  5 frilled lizards
  6 kobolds
  6 rats
61 creatures vanquished.

Notes
Turn   | Place    | Note
-------+----------+-------------------------------------------
     0 | D:1      | mikogus the Merfolk Skald began the quest for the Orb.
     0 | D:1      | Reached XP level 1. HP: 16/16 MP: 3/3
    85 | D:1      | Reached XP level 2. HP: 20/23 MP: 0/5
   390 | D:1      | Reached XP level 3. HP: 28/28 MP: 6/6
   786 | D:2      | Learned a level 2 spell: Shroud of Golubria
   996 | D:2      | Reached skill level 1 in Stealth
   996 | D:2      | Reached XP level 4. HP: 24/35 MP: 4/7
  1230 | D:2      | Reached skill level 4 in Polearms
  1974 | D:2      | Reached skill level 1 in Armour
  2043 | D:3      | Reached XP level 5. HP: 34/41 MP: 3/8
  2229 | D:3      | HP: 2/41 [orc priest/divine providence (15)]
  2230 | D:3      | Slain by an orc

Skill      XL: |  1  2  3  4 |
---------------+-------------+-----
Fighting       | 3 |  3.4
Dodging        | 3 |  3.1
Stealth        | 1 |  1.2
Polearms       | 4 |  4.4
Armour         | 1 |  1.2
Shields        | |  0.1
Spellcasting   | |  2.3
Charms         | |  3.6

Action                   |  1- 3 |  4- 6 || total
-------------------------+-------+-------++-------
Melee: Spear             |   160 |   106 ||   266
 Cast: Infusion          |     4 |     3 ||     7
       Shroud of Golubri |     1 |       ||     1
  Use: Scroll            |     2 |     2 ||     4
       Potion            |       |     1 ||     1
 Stab: Sleeping          |     1 |       ||     1
  Eat: Chunk             |     1 |     4 ||     5
Armor: Leather armour    |    41 |     9 ||    50
       Chain mail        |    17 |       ||    17
       Ring mail         |       |    16 ||    16
Dodge: Dodged            |   109 |    55 ||   164
Block: Buckler           |     4 |    16 ||    20
